AoeStats
← WILSON-2026

Arena

505218148Analyzed
1v1 RM · 23d ago on Sep 8, 2026· 41m 51s· 2 players
Game mode
Random Map
Map size
Tiny (2 player)
Population
200
Speed
Normal
Resources
Standard
Victory
Conquest
Starting age
Dark Age
Ending age
Imperial Age
RankedLock teamsTeams togetherTeam positionsShared explorationLock speedFull tech treeHidden civsTurbo modeCheats
Victory
Defeat
🇨🇳 Franks · China
1172
+16
🇨🇳 Saracens · China
1177
-16
鸡蛋打
10:12 Feudal Age
13:45 Castle Age
11:41 Double-Bit Axe
15:04 Wheelbarrow
20:44 Bow Saw
22:44 Stone Mining
24:09 Hand Cart
23:40 Loom
24:36 Gold Mining
26:52 Scale Barding Armor
27:25 Husbandry
27:39 Forging
30:19 Imperial Age
28:21 Chain Barding Armor
29:52 Iron Casting
29:53 Town Watch
30:25 Cavalier
31:42 Plate Barding Armor
32:43 Chemistry
32:29 Conscription
34:50 Paladin
37:10 Blast Furnace
39:12 Light Cavalry
WILSON-2026
1:24 Loom
2:19 Loom
3:39 Loom
5:15 Loom
10:54 Feudal Age
14:26 Castle Age
13:14 Double-Bit Axe
13:32 Horse Collar
20:09 Bow Saw
22:19 Loom
22:38 Heavy Plow
23:50 Wheelbarrow
23:01 Town Watch
26:15 Treadmill Crane
29:40 Imperial Age
28:46 Hand Cart
28:17 Light Cavalry
29:08 Bloodlines
28:59 Husbandry
29:14 Bimaristan
29:28 Gold Mining
29:28 Stone Mining
31:07 Gold Shaft Mining
31:35 Two-Man Saw
31:08 Conscription
31:55 Chemistry
31:41 Scale Barding Armor
32:01 Forging
31:58 Fletching
32:37 Ballistics
32:28 Masonry
34:13 Chain Barding Armor
35:45 Plate Barding Armor
36:33 Iron Casting
37:01 Murder Holes
Connection lost

Rejoining the realm…

Still unreachable

The connection could not be restored.

Session expired

The server has moved on; the page needs a fresh start.